 Dungeon Crawl Stone Soup version 0.22.0 (webtiles) character file.

329 Chiseanne the Shield-Bearer (level 6, 0/56 HPs)
             Began as a Minotaur Fighter on Aug 10, 2018.
             Slain by a troll (4 damage)
             ... on level 6 of the Dungeon.
             The game lasted 00:11:16 (1517 turns).

Chiseanne the Shield-Bearer (Minotaur Fighter)      Turns: 1517, Time: 00:11:16

Health: 0/56       AC:  8    Str: 20    XL:     6   Next: 25%
Magic:  5/5        EV:  7    Int:  5    God:
Gold:   169        SH: 11    Dex: 12    Spells: 5/5 levels left

rFire    . . .     SeeInvis .   a - +0 war axe
rCold    . . .     Gourm    .   c - +1 shield
rNeg     . . .     Faith    .   b - +0 scale mail
rPois    .         Spirit   .   (helmet restricted)
rElec    .         Reflect  .   (no cloak)
rCorr    .         Harm     .   (no gloves)
MR       .....                  h - +0 pair of boots
Stlth    ..........             g - amulet of rage
HPRegen  0.18/turn              (no ring)
MPRegen  0.09/turn              (no ring)

@: no status effects
A: retaliatory headbutt, horns 2
a: Evoke Berserk Rage


You were on level 6 of the Dungeon.
You were not hungry.

You visited 1 branch of the dungeon, and saw 6 of its levels.

You collected 169 gold pieces.

Inventory:

Hand Weapons
 a - a +0 war axe (weapon)
 s - a +2 hand axe of venom
Missiles
 d - 3 tomahawks
 j - 9 poisoned needles
 o - 21 stones (quivered)
Armour
 b - a +0 scale mail (worn)
 c - a +1 shield (worn)
 h - a +0 pair of boots (worn)
Jewellery
 e - a +4 ring of evasion {unknown}
 g - an amulet of rage (around neck)
Scrolls
 l - 2 scrolls of remove curse
 n - a scroll of magic mapping {unknown}
 p - a scroll of identify
Potions
 i - 4 potions of curing
 k - a potion of degeneration {unknown}
 m - a potion of flight {unknown}
Comestibles
 f - 3 rations


   Skills:
 * Level 5.0 Fighting
 * Level 5.6 Axes
 - Level 3.6 Armour
 * Level 5.8 Shields


You had 5 spell levels left.
You didn't know any spells.
Your spell library contained the following spells:

 Spells                   Type           Power        Failure   Level  Hunger
 Apportation              Tloc           #.....       99%         1    ##.....
 Confuse                  Hex            #.......     100%        3    ####...
 Summon Small Mammal      Summ           #...         99%         1    ##.....
 Animate Skeleton         Necr           N/A          99%         1    ##.....
 Confusing Touch          Hex            #.....       99%         1    ##.....
 Metabolic Englaciation   Hex/Ice        #.........   100%        5    ######.
 Petrify                  Tmut/Erth      #.......     100%        4    #####..
 Gell's Gravitas          Tloc           #.........   100%        3    ####...
 Yara's Violent Unravell  Hex/Tmut       #.........   100%        5    ######.


Dungeon Overview and Level Annotations

Branches:
Dungeon (6/15)
 Temple: D:4-7

Altars:
The Shining One

Annotations:
D:4 Pikel


Innate Abilities, Weirdness & Mutations

You reflexively headbutt those who attack you in melee.
You have a pair of horns on your head.


Message History

The troll bites you. The troll claws you. The troll closely misses you.
Wield which item (- for none, * to show all)? (? for menu, Esc to quit)
Your +2 hand axe of venom stops dripping with poison.
a - a +0 war axe (weapon)
You barely miss the troll.
The troll is severely wounded.
The troll bites you. You block the troll's attack.
The troll claws you but does no damage.
You closely miss the troll.
The troll is severely wounded.
The troll bites you!
* * * LOW HITPOINT WARNING * * *
You block the troll's attack. The troll claws you but does no damage.
The troll bites you!
* * * LOW HITPOINT WARNING * * *
The troll closely misses you. The troll barely misses you.
You barely miss the troll.
The troll is almost dead.
You block the troll's attack. The troll claws you.
You die...

... # # ... .#. .. .....
##.#. .o. #T# #@#
#######.######.# .......
................ #..#...
..#####.#######.##..#...
#.# #.##.....# #.#
#.##.....# #.###
#.##.....# #...#
#.##.#.... ###.#
#.##......


You could see a troll and an orc.

Vanquished Creatures
  A slave (D:4)
  A scorpion (D:4)
  A bullfrog zombie (D:6)
  2 orc priests
  An orc wizard (D:4)
  3 worker ants (D:4)
  4 adders
  2 oozes
  An adder skeleton (D:6)
  A leopard gecko (D:3)
  7 orcs
  A ball python (D:4)
  3 giant cockroaches
  3 goblins (D:3)
  3 hobgoblins
  2 jackals (D:3)
  3 kobolds
  A quokka (D:4)
  4 bats
  2 frilled lizards
  2 rats
48 creatures vanquished.

Notes
Turn   | Place    | Note
-------+----------+-------------------------------------------
     0 | D:1      | Chiseanne the Minotaur Fighter began the quest for the Orb.
     0 | D:1      | Reached XP level 1. HP: 19/19 MP: 0/0
   154 | D:3      | Reached XP level 2. HP: 26/27 MP: 1/1
   219 | D:3      | Reached XP level 3. HP: 26/33 MP: 2/2
   341 | D:3      | Found a faded altar of an unknown god.
   477 | D:4      | Found a glowing golden altar of the Shining One.
   518 | D:4      | Reached XP level 4. HP: 21/41 MP: 3/3
   523 | D:4      | Reached skill level 5 in Shields
   762 | D:4      | Reached XP level 5. HP: 44/47 MP: 4/4
   860 | D:4      | Noticed a slave
   860 | D:4      | Noticed Pikel
   885 | D:4      | Killed a slave
  1054 | D:4      | Reached skill level 5 in Axes
  1322 | D:5      | Entered Level 5 of the Dungeon
  1322 | D:5      | Noticed a phantom
  1322 | D:5      | Noticed an ogre
  1458 | D:6      | Reached XP level 6. HP: 54/55 MP: 5/5
  1465 | D:6      | Reached skill level 5 in Fighting
  1498 | D:6      | Noticed a troll
  1517 | D:6      | Slain by a troll

Skill      XL: |  1  2  3  4  5  6 |
---------------+-------------------+-----
Shields        | 4 5 |  5.8
Fighting       | 4 5 |  5.0
Axes           | 3 4 5 |  5.6
Armour         | |  3.6

Action                   |  1- 3 |  4- 6 || total
-------------------------+-------+-------++-------
Melee: War axe           |    62 |    76 ||   138
       Headbutt          |     7 |    14 ||    21
       Hand axe          |       |     8 ||     8
  Use: Scroll            |     5 |       ||     5
       Potion            |     1 |       ||     1
  Eat: Ration            |       |     1 ||     1
Armor: Scale mail        |    33 |    35 ||    68
Dodge: Dodged            |    21 |    23 ||    44
Block: Shield            |    39 |    50 ||    89
